 Dungeon Crawl Stone Soup version 0.20.1-1-g8b1a95d (webtiles) character file.

29 letownia2 the Grave Robber (level 3, -9/28 HPs)
             Began as a Deep Dwarf Necromancer on Oct 29, 2017.
             Shot with an arrow by a centaur (14 damage)
             ... on level 3 of the Dungeon.
             The game lasted 00:03:36 (916 turns).

letownia2 the Grave Robber (Deep Dwarf Necromancer)  Turns: 916, Time: 00:03:37

Health: -9/28      AC:  3    Str: 11    XL:     3   Next: 1%
Magic:  2/6        EV: 15    Int: 16    God:
Gold:   34         SH:  0    Dex: 13    Spells: 2/6 levels left

rFire    . . .     SeeInvis .   a - +0 short sword
rCold    . . .     Gourm    .   (no shield)
rNeg     . . .     Faith    .   g - +0 leather armour
rPois    .         Spirit   .   (no helmet)
rElec    .         Reflect  .   (no cloak)
rCorr    .         Harm     .   (no gloves)
MR       .....                  (no boots)
Stlth    ++........             (no amulet)
Regen    0.0/turn               d - +3 ring of evasion
MPRegen  0.1/turn               (no ring)

@: non-regenerating
A: damage resistance, heal wounds, sense surroundings 1, no regeneration
a: Heal Wounds


You were on level 3 of the Dungeon.
You were not hungry.

You visited 1 branch of the dungeon, and saw 3 of its levels.

You collected 34 gold pieces.

Inventory:

Hand Weapons
 a - a +0 short sword (weapon)
 b - a +0 hand axe
 m - a +3 whip
Armour
 g - a +0 leather armour (worn)
Jewellery
 d - a +3 ring of evasion (left hand)
Scrolls
 e - a scroll of fear {unknown}
 h - a scroll of recharging {unknown}
 i - 2 scrolls of identify {unknown}
 j - a scroll of enchant weapon {unknown}
Potions
 l - a potion of flight {unknown}
 n - a potion of might {unknown}
Comestibles
 c - a bread ration
 f - 2 meat rations
 o - 4 chunks of flesh


   Skills:
 - Level 2.1 Dodging
 - Level 2.4 Stealth
 + Level 2.2 Spellcasting
 + Level 5.1 Necromancy


You had 2 spell levels left.
You knew the following spells:

 Your Spells              Type           Power        Failure   Level  Hunger
a - Pain                  Necr           ###.         3%          1    #......
v - Vampiric Draining     Necr           ###.......   10%         3    ###....


Dungeon Overview and Level Annotations

Branches:
Dungeon (3/15)

Altars:
Cheibriados
Hepliaklqana

Annotations:
D:2 Terence


Innate Abilities, Weirdness & Mutations

You are resistant to damage.
You can heal yourself by infusing magical energy.
You passively map a small area around you.
You do not regenerate.


Message History

Adjust which item? (? for menu, Esc to quit)
a - a +0 short sword (weapon)
Adjust to which letter? (? for menu, Esc to quit)
Okay, then.
Unknown command.
Adjust (i)tems, (s)pells, or (a)bilities?
Adjust which ability? f - Heal Wounds Adjust to which letter?
U - Heal Wounds A centaur comes into view.
Found a ring mail.
The centaur shouts!
The centaur wields a shortbow.
The centaur shoots an arrow.
The arrow hits you!
You see here an arrow.
The centaur shoots an arrow.
The arrow hits you!
* * * LOW HITPOINT WARNING * * *
The centaur shoots an arrow.
The arrow hits you!
Ouch! That really hurt!
You die...

.. * .
*########### ,
#.*#..........
#. #........[.
#..#..).......
#.#..........
* ,
#............
* #..(.....c.
#<@........
#.......... ,*
##########. ,
* * , *, * * ,


You could see a centaur.

Vanquished Creatures
  An adder (D:2)
  A leopard gecko (D:2)
  An orc (D:3)
  2 bats
  A giant cockroach (D:2)
  A goblin (D:2)
  2 hobgoblins (D:2)
  A quokka (D:3)
  2 frilled lizards
  4 kobolds
  3 rats (D:2)
19 creatures vanquished.

Notes
Turn   | Place    | Note
-------+----------+-------------------------------------------
     0 | D:1      | letownia2 the Deep Dwarf Necromancer began the quest for the Orb.
     0 | D:1      | Reached XP level 1. HP: 15/15 MP: 3/3
   104 | D:2      | Found a snail-covered altar of Cheibriados.
   104 | D:2      | Noticed Terence
   198 | D:2      | Reached XP level 2. HP: 22/22 MP: 0/5
   625 | D:2      | Reached skill level 5 in Necromancy
   734 | D:2      | Found a hazy altar of Hepliaklqana.
   902 | D:3      | Reached XP level 3. HP: 24/28 MP: 0/6
   907 | D:3      | Learned a level 3 spell: Vampiric Draining
   914 | D:3      | Noticed a centaur
   916 | D:3      | Shot with an arrow by a centaur

Skill      XL: |  1  2 |
---------------+-------+-----
Spellcasting   | 2 |  2.2
Necromancy     | 5 |  5.1
Dodging        | |  2.1
Stealth        | |  2.4

Action                   || total
-------------------------++-------
Melee: Short sword       ||     3
 Cast: Pain              ||    39
  Eat: Chunk             ||     1
Armor: Leather armour    ||     5
Dodge: Dodged            ||    10
